 Dungeon Crawl Stone Soup version 0.22-a0-126-g307c7c3 (webtiles) character file.

104 KristoblXynda the Slasher (level 4, -1/63 HPs)
             Began as a Naga Berserker on Jan 30, 2018.
             Was a Believer of Trog.
             Slain by an ogre
             ... wielding a +0 giant club
              (10 damage)
             ... on level 4 of the Dungeon.
             The game lasted 00:06:42 (3173 turns).

KristoblXynda the Slasher (Naga Berserker)          Turns: 3173, Time: 00:06:43

Health: -1/63      AC:  3    Str: 24    XL:     4   Next: 80%
Magic:  4/4        EV: 10    Int:  9    God:    Trog [**....]
Gold:   169        SH:  0    Dex: 10    Spells: 3/3 levels left

rFire    . . .     SeeInvis +   a - +0 falchion
rCold    . . .     Gourm    .   (no shield)
rNeg     . . .     Faith    .   b - +0 animal skin
rPois    +         Spirit   .   g - +0 helmet
rElec    .         Reflect  .   (no cloak)
rCorr    .         Harm     .   (no gloves)
MR       .....                  (no barding)
Stlth    ..........             (no amulet)
HPRegen  0.20/turn              (no ring)
MPRegen  0.09/turn              (no ring)

@: berserking, short of breath, quick
A: large, see invisible, deformed body, poison resistance, slowness 2, slow
metabolism 1, spit poison 1, AC +1
a: Spit Poison, Berserk, Trog's Hand, Burn Spellbooks, Renounce Religion


You were on level 4 of the Dungeon.
You worshipped Trog.
Trog was pleased with you.
You were very hungry.

You visited 1 branch of the dungeon, and saw 4 of its levels.

You collected 169 gold pieces.

Inventory:

Hand Weapons
 a - a +0 falchion (weapon)
Armour
 b - a +0 animal skin (worn)
 g - a +0 helmet (worn)
Jewellery
 n - a cursed -5 ring of dexterity {unknown}
Scrolls
 e - a scroll of enchant weapon {unknown}
 f - a scroll of random uselessness {unknown}
 i - a scroll of teleportation {unknown}
 j - 3 scrolls of identify {unknown}
 k - a scroll of fog {unknown}
Potions
 d - 2 potions of curing {unknown}
 h - 2 potions of flight {unknown}
 l - a potion of heal wounds {unknown}
 m - a potion of lignification {unknown}
Comestibles
 c - 6 rations
 o - 2 chunks of flesh


   Skills:
 - Level 3.0 Fighting
 + Level 3.9 Long Blades
 + Level 2.5 Armour
 + Level 2.6 Dodging


You had 3 spell levels left.
You didn't know any spells.

Dungeon Overview and Level Annotations

Branches:
Dungeon (4/15)
 Temple: D:4-7

Altars:
Elyvilon
Fedhas
Makhleb
Trog
Wu Jian
Xom


Innate Abilities, Weirdness & Mutations

You cannot wear boots.
Your serpentine skin is tough. (AC +1)
You have supernaturally acute eyesight. (SInv)
Armour fits poorly on your strangely shaped body.
Your system is resistant to poisons. (rPois)
You cover ground very slowly.
You have a slow metabolism.
You can spit poison.


Message History

A worker ant comes into view.
You are feeling hungry.
The worker ant twitches its antennae in your direction.
You hit the ogre.
The ogre is moderately wounded.
The ogre hits you with a giant club!
A red film seems to cover your vision as you go berserk!
You feel yourself moving faster!
You feel mighty!
You are feeling very hungry.
The hound bites you. The ogre hits you with a giant club!!
* * * LOW HITPOINT WARNING * * *
The hound bites you.
* * * LOW HITPOINT WARNING * * *
You barely miss the ogre.
The ogre is moderately wounded.
The hound closely misses you.
You hit the ogre.
The ogre is heavily wounded.
The hound bites you but does no damage. The ogre hits you with a giant club!
You die...

########
##....<.##
##........##
#.$........#
#..........#
#...@..)...#
#...Oh.....#
#...a......#
##........##
#........#
..........#
^..........#
............#


You could see an ogre, a hound and a worker ant.

Vanquished Creatures
  4 adders
  5 worms
  2 bats
  A giant cockroach (D:3)
  6 goblins
  7 hobgoblins
  10 jackals
  A quokka (D:3)
  A ball python (D:2)
  4 frilled lizards
  5 kobolds
  6 rats
52 creatures vanquished.

Notes
Turn   | Place    | Note
-------+----------+-------------------------------------------
     0 | D:1      | KristoblXynda the Naga Berserker began the quest for the Orb.
     0 | D:1      | Reached XP level 1. HP: 21/21 MP: 1/1
   193 | D:1      | Reached XP level 2. HP: 17/28 MP: 2/2
   424 | D:2      | Found a bloodstained altar of Trog.
   437 | D:2      | HP: 1/28 [worm (11)]
   441 | D:2      | Found an ornate altar of the Wu Jian Council.
   746 | D:2      | Reached XP level 3. HP: 16/34 MP: 3/3
  1258 | D:2      | Found a white marble altar of Elyvilon.
  2049 | D:2      | Found a shimmering altar of Xom.
  2057 | D:2      | Found a burning altar of Makhleb.
  2309 | D:3      | Reached XP level 4. HP: 34/42 MP: 4/4
  2413 | D:3      | Found a blossoming altar of Fedhas.
  2493 | D:3      | Reached ** piety under Trog
  3066 | D:3      | Noticed a moth of wrath
  3069 | D:3      | Found a bloodstained altar of Trog.
  3166 | D:4      | Noticed an ogre
  3173 | D:4      | Slain by an ogre

Vault maps used:
D:1:      minmay_arrival_checkered_box
D:2:      amethyst_overflow_temple_binary, elyvilon_altar_5,
          chequers_temple_overflow_statue_of_worship, first_ration
D:3:      fedhas_altar_3, tgw_trog
D:4:      okawaru_gym_becter, kennysheep_crisscross, uniq_grinder

Skill      XL: |  1  2 |
---------------+-------+-----
Armour         | 2 |  2.5
Dodging        | 2 |  2.6
Fighting       | |  3.0
Long Blades    | |  3.9

Action                   |  1- 3 |  4- 6 || total
-------------------------+-------+-------++-------
Melee: Falchion          |   109 |    65 ||   174
Invok: Berserk           |       |     3 ||     3
 Abil: Spit Poison       |     7 |     2 ||     9
 Stab: Sleeping          |     1 |       ||     1
  Eat: Chunk             |     2 |     2 ||     4
       Ration            |     1 |       ||     1
Armor: Animal skin       |    31 |    22 ||    53
Dodge: Dodged            |    80 |    56 ||   136
       Rpst.: Falchion   |    35 |    23 ||    58

Table legend:
 A = Spawn XP
 B = Non-spawn XP
 C = Spawn XP percentage of total XP
 D = Spawn monster count
 E = Non-spawn monster count
 F = Spawn count percentage of total count
 G = Total turns spent on level
                    A         B        C        D         E        F      G
               +---------+---------+-------+---------+---------+-------+---------
         Total |       0 |     149 |   0.0 |       0 |      52 |   0.0 |  3173
               +---------+---------+-------+---------+---------+-------+---------
           D:1 |       0 |      18 |   0.0 |       0 |      11 |   0.0 |   420
           D:2 |       0 |      52 |   0.0 |       0 |      15 |   0.0 |  1739
           D:3 |       0 |      79 |   0.0 |       0 |      26 |   0.0 |  1004
               +---------+---------+-------+---------+---------+-------+---------
